 Dungeon Crawl Stone Soup version 0.30-a0-170-g85af917532 (webtiles) character file.

Game seed: 16619869170438155447

46445 qw the Severer (level 14, 0/90 HPs)
             Began as a Gargoyle Fighter on Sept 30, 2022.
             Was an Elder of Okawaru.
             Slain by a six-headed hydra (4 damage)
             ... on level 5 of the Lair of Beasts.
             The game lasted 00:08:02 (21735 turns).

qw the Severer (Gargoyle Fighter)                  Turns: 21735, Time: 00:08:03

Health: 0/90       AC: 37    Str: 25    XL:     14   Next: 37%
Magic:  21/21      EV:  9    Int: 12    God:    Okawaru [****..]
Gold:   906        SH:  6    Dex:  9    Spells: 13/13 levels left

rFire   + + .      SeeInvis .    t - +3 flail
rCold   . . .      Faith    .    c - +0 buckler
rNeg    + . .      Spirit   .    e - +0 plate armour
rPois   inf        Reflect  .    f - +2 helmet {Int+3}
rElec   +          Harm     .    g - +0 cloak
rCorr   .          Rampage  .    n - +0 pair of gloves
Will    +....                    s - +1 pair of boots
Stlth   ..........               (no amulet)
HPRegen 0.25/turn                m - ring of protection from fire
MPRegen 0.17/turn                v - ring of protection from fire

@: heroic, flying
A: sickness immunity, AC +10, big wings, negative energy resistance 1,
electricity resistance, torment resistance 1, petrification resistance
a: Renounce Religion, Heroism, Finesse


You were on level 5 of the Lair of Beasts.
You worshipped Okawaru.
Okawaru was greatly pleased with you.
You visited 3 branches of the dungeon, and saw 17 of its levels.

You collected 906 gold pieces.


Innate Abilities, Weirdness & Mutations

You are immune to sickness and miasma.
Your stone body is resilient. (AC +10)
You are immune to poison.
Your large and strong wings let you fly.
You resist negative energy. (rN+)
You are resistant to electric shocks. (rElec)
You are resistant to unholy torment.
You are immune to petrification.


   Skills:
 + Level 11.1(16.1) Fighting
 - Level 15.0(20.0) Axes
 - Level 6.2(11.2) Throwing
 - Level 11.0(16.0) Armour
 - Level 2.2(7.2) Dodging
 - Level 7.1(12.1) Shields
 - Level 10.1 Invocations


You had 13 spell levels left.
You didn't know any spells.
Your spell library was empty.

Inventory:

Hand Weapons
 t - a +3 flail (weapon)
 Y - a +2 war axe
Missiles
 o - 3 boomerangs
 q - 2 silver boomerangs
 w - 11 javelins (quivered)
 B - 3 silver javelins
Armour
 c - a +0 buckler (worn)
 e - a +0 plate armour (worn)
 f - a +2 helmet of intelligence (worn)
 g - a +0 cloak (worn)
 n - a +0 pair of gloves (worn)
 s - a +1 pair of boots (worn)
Jewellery
 m - a ring of protection from fire (left hand)
 r - a ring of resist corrosion
 u - a ring of positive energy
 v - a ring of protection from fire (right hand)
 y - the ring "Woudyihu" {Drain rPois rCorr MP+9 Dex-5}
   (You found it on level 3 of the Lair of Beasts)

   [ring of magical power]

   Dex:       It affects your dexterity (-5).
   rPois:     It protects you from poison.
   MP:        It affects your magic capacity (+9).
   rCorr:     It protects you from acid and corrosion.
   Drain:     It drains your maximum health when unequipped.
Scrolls
 a - 11 scrolls of identify
Potions
 b - 4 potions of cancellation
 d - 5 potions of might
 h - 3 potions of mutation
 i - 4 potions of lignification
 j - 8 potions of curing
 k - 2 potions of resistance {unknown}
 l - 2 potions of haste
 p - 4 potions of attraction

Dungeon Overview and Level Annotations

Branches:
Dungeon (11/15)            Temple (1/1) D:6            Lair (5/5) D:11
 Shoals (0/4) Lair:3       Spider (0/4) Lair:3        Slime (0/5) Lair:5
    Orc (0/2) D:9

Altars:
Ashenzari
Cheibriados
Dithmenos
Elyvilon
Fedhas
Gozag
Hepliaklqana
Kikubaaqudgha
Makhleb
Nemelex Xobeh
Okawaru
Qazlal
Ru
Sif Muna
Trog
Uskayaw
Vehumet
Wu Jian
Xom
Yredelemnul
Zin
The Shining One
Jiyva


Message History

The six-headed hydra completely misses you.
The six-headed hydra bites you but does no damage. x3
You sock the lindwurm!
You kill the lindwurm!
Okawaru accepts your kill.
You sock the six-headed hydra!
The six-headed hydra is lightly wounded.
The six-headed hydra bites you. x2; The six-headed hydra barely misses you.
The six-headed hydra bites you.
You block the six-headed hydra's attack.
The six-headed hydra bites you but does no damage.
You completely miss the six-headed hydra.
The six-headed hydra is lightly wounded.
You block the six-headed hydra's attack.
The six-headed hydra barely misses you.
The six-headed hydra bites you but does no damage. x4
You sock the six-headed hydra!
The six-headed hydra is moderately wounded.
You thump the six-headed hydra!
The six-headed hydra is heavily wounded.
The six-headed hydra bites you but does no damage.
You block the six-headed hydra's attack.
The six-headed hydra bites you but does no damage.
The six-headed hydra bites you.
The six-headed hydra bites you but does no damage. x2
You sock the six-headed hydra!
The six-headed hydra is severely wounded.
The six-headed hydra bites you but does no damage.
The six-headed hydra bites you.
The six-headed hydra bites you but does no damage.
You block the six-headed hydra's attack.
The six-headed hydra misses you.
You block the six-headed hydra's attack.
You barely miss the six-headed hydra.
The six-headed hydra is severely wounded.
The six-headed hydra bites you.
The six-headed hydra bites you but does no damage.
You block the six-headed hydra's attack.
The six-headed hydra misses you. The six-headed hydra bites you.
You die...

# #.# #..8 .....
......#### ###
......%@.#####P###
~#....D%...#.....#
~~##........#...#
.......####.#.##
.......## ####.###
......# #.##...##
#..... ##......P#
##.... #.....!..#
#. #...(.%%###


You could see a six-headed hydra.

Vanquished Creatures
  Gastronok (D:8)
  3 hydras
  A boulder beetle (D:11)
  5 death yaks (Lair:5)
  A lindwurm (Lair:5)
  A manticore (D:11)
  6 elephants
  A molten gargoyle (Lair:5)
  3 black mambas
  A torpor snail (Lair:5)
  A gargoyle (D:11)
  5 rime drakes
  14 cane toads
  2 kobold demonologists (D:10)
  10 komodo dragons
  3 trolls (D:11)
  5 polar bears
  2 hornets (D:9)
  20 blink frogs
  Prince Ribbit (D:9)
  A snapping turtle (Lair:3)
  4 dream sheep (Lair:4)
  2 culicivoras (Lair:3)
  2 shadows
  A wraith (D:9)
  6 wyverns
  51 yaks
  3 basilisks
  Grum (D:8)
  3 steam dragons
  2 vampire mosquitoes (D:10)
  A two-headed ogre zombie (D:9)
  14 water moccasins
  Duvessa (D:5)
  2 orc warriors
  3 sky beasts
  4 black bears
  36 wolves
  An ogre (D:6)
  3 centaurs
  3 phantoms
  7 kobold brigands
  16 bullfrogs
  A gnoll sergeant (D:9)
  2 necrophages
  3 scorpions
  Dowan (D:5)
  18 wights
  2 troll zombies (D:9)
  5 killer bees (D:8)
  2 electric eels (D:8)
  2 howler monkeys
  2 orc priests
  Natasha (thrice) (D:2)
  4 orc wizards
  2 iguanas
  6 hell rats (Lair:5)
  5 ogre zombies (D:9)
  10 gnolls
  8 adders
  2 dart slugs
  27 orcs
  7 endoplasms
  3 giant cockroaches
  9 goblins
  8 hobgoblins
  4 quokkas
  5 ball pythons
  3 bats
  3 frilled lizards
  3 goblin skeletons (D:9)
  2 goblin zombies (D:9)
  2 hobgoblin skeletons (D:9)
  3 hobgoblin zombies (D:9)
  42 kobolds
  2 orc skeletons (D:9)
  13 orc zombies (D:9)
  2 rats
469 creatures vanquished.

Vanquished Creatures (others)
  A phantom (D:5)
  43 fungi
  66 plants
110 creatures vanquished.

Grand Total: 579 creatures vanquished

Notes
Turn   | Place    | Note
-------+----------+-------------------------------------------
     0 | D:1      | qw the Gargoyle Fighter began the quest for the Orb.
     0 | D:1      | Reached XP level 1. HP: 14/14 MP: 1/1
     0 | D:1      | 0 ||| qw: Version: 0.2-a-12-gaebbb33
     0 | D:1      | 0 ||| qw: Game counter: 1439
     0 | D:1      | 0 ||| qw: Always use a shield: true
     0 | D:1      | 0 ||| qw: God list: Okawaru
     0 | D:1      | 0 ||| qw: Allow faded altars: false
     0 | D:1      | 0 ||| qw: Do Orc after D:15 true
     0 | D:1      | 0 ||| qw: Do second Lair branch before Depths: true
     0 | D:1      | 0 ||| qw: Lair rune preference: random
     0 | D:1      | 0 ||| qw: Plans: Normal, Zot:1-4, God:TSO, Crypt, Tomb,
                  | Pan, Slime:5, Hells, Abyss, Orb
     0 | D:1      | 0 ||| PLANNING D:1-11
    45 | D:1      | Reached skill level 2 in Axes
    73 | D:1      | Reached XP level 2. HP: 11/19 MP: 2/2
   265 | D:1      | 265 ||| Stepping ~*~*~tactically~*~*~ (stealth).
   315 | D:1      | Found a faded altar of an unknown god.
   352 | D:1      | 352 ||| Stepping ~*~*~tactically~*~*~ (hiding).
   595 | D:1      | 595 ||| UPGRADING to +0 plate armour.
   605 | D:1      | 605 ||| DROPPING +0 scale mail.
   606 | D:1      | 606 ||| UPGRADING to +2 helmet of intelligence.
   611 | D:1      | 611 ||| READING 2 scrolls labelled FYSIUDD IFAT.
   612 | D:1      | 612 ||| DRINKING 2 fuming golden potions.
   817 | D:2      | Reached skill level 3 in Axes
   822 | D:2      | Noticed Natasha
   824 | D:2      | Noticed a crimson imp
   826 | D:2      | Noticed a crimson imp
   831 | D:2      | Killed Natasha
   832 | D:2      | Reached XP level 3. HP: 11/23 MP: 3/3
  1064 | D:2      | 1064 ||| Stepping ~*~*~tactically~*~*~ (stealth).
  1066 | D:2      | 1066 ||| Stepping ~*~*~tactically~*~*~ (hiding).
  1077 | D:2      | Noticed Natasha
  1082 | D:2      | HP: 5/23 [gnoll/+0 spear (6)]
  1085 | D:2      | Reached XP level 4. HP: 6/28 MP: 4/4
  1088 | D:2      | Reached skill level 4 in Axes
  1090 | D:2      | Killed Natasha
  1709 | D:2      | Noticed Natasha
  1718 | D:2      | Killed Natasha
  1719 | D:2      | Reached XP level 5. HP: 25/32 MP: 5/5
  2026 | D:2      | 2026 ||| READING scroll labelled ZUSMI ICYAN.
  2030 | D:2      | 2030 ||| READING scroll labelled ATZERAZUEWN.
  2031 | D:2      | 2031 ||| READING scroll labelled DUNNAH OJAQOC.
  2132 | D:2      | 2132 ||| READING scroll labelled SOUTISTO XAPS.
  2133 | D:2      | 2133 ||| DRINKING 2 puce potions.
  2134 | D:2      | 2134 ||| READING 3 scrolls of identify.
  2134 | D:2      | 2134 ||| IDENTIFYING yellow potion
  2135 | D:2      | 2135 ||| READING 2 scrolls of identify.
  2135 | D:2      | 2135 ||| IDENTIFYING viscous purple potion
  2380 | D:3      | Found a snail-covered altar of Cheibriados.
  2517 | D:3      | 2517 ||| Stepping ~*~*~tactically~*~*~ (stealth).
  2535 | D:3      | Reached skill level 5 in Axes
  2678 | D:3      | 2678 ||| UPGRADING to +0 pair of boots of flying.
  2689 | D:3      | 2689 ||| DROPPING +0 whip.
  2873 | D:3      | 2873 ||| READING scroll labelled TEFFEARUOW.
  2874 | D:3      | 2874 ||| DRINKING 3 red potions.
  2875 | D:3      | 2875 ||| READING 2 scrolls of identify.
  2875 | D:3      | 2875 ||| IDENTIFYING fuming brown potion
  2876 | D:3      | 2876 ||| DROPPING potion of berserk rage.
  2877 | D:3      | 2877 ||| DROPPING 2 potions of brilliance.
  2909 | D:4      | 2909 ||| Stepping ~*~*~tactically~*~*~ (stealth).
  3311 | D:4      | 3311 ||| Stepping ~*~*~tactically~*~*~ (hiding).
  3457 | D:4      | Reached XP level 6. HP: 20/38 MP: 6/6
  3683 | D:4      | 3683 ||| Stepping ~*~*~tactically~*~*~ (stealth).
  4010 | D:4      | 4010 ||| READING scroll labelled ECOAGE NEESUBLUU.
  4011 | D:4      | 4011 ||| READING 2 scrolls of identify.
  4011 | D:4      | 4011 ||| IDENTIFYING golden potion
  4027 | D:4      | 4027 ||| STAIRDANCE
  4031 | D:4      | 4031 ||| STAIRDANCE
  4035 | D:4      | 4035 ||| STAIRDANCE
  4039 | D:4      | 4039 ||| STAIRDANCE
  4043 | D:4      | 4043 ||| STAIRDANCE
  4047 | D:4      | 4047 ||| STAIRDANCE
  4051 | D:4      | 4051 ||| STAIRDANCE
  4055 | D:4      | 4055 ||| STAIRDANCE
  4059 | D:4      | 4059 ||| STAIRDANCE
  4063 | D:4      | 4063 ||| STAIRDANCE
  4067 | D:4      | 4067 ||| STAIRDANCE
  4071 | D:4      | 4071 ||| STAIRDANCE
  4075 | D:4      | 4075 ||| STAIRDANCE
  4079 | D:4      | 4079 ||| STAIRDANCE
  4083 | D:4      | 4083 ||| STAIRDANCE
  4087 | D:4      | 4087 ||| STAIRDANCE
  4091 | D:4      | 4091 ||| STAIRDANCE
  4095 | D:4      | 4095 ||| STAIRDANCE
  4099 | D:4      | 4099 ||| STAIRDANCE
  4103 | D:4      | 4103 ||| STAIRDANCE
  4268 | D:5      | Entered Level 5 of the Dungeon
  4296 | D:5      | Noticed a water moccasin
  4297 | D:5      | 4297 ||| Stepping ~*~*~tactically~*~*~ (stealth).
  4307 | D:5      | Killed a water moccasin
  4308 | D:5      | Reached skill level 6 in Axes
  4379 | D:5      | Noticed a black bear
  4390 | D:5      | Killed a black bear
  4391 | D:5      | Reached XP level 7. HP: 35/43 MP: 7/7
  4947 | D:5      | Reached skill level 7 in Axes
  5028 | D:5      | 5028 ||| Stepping ~*~*~tactically~*~*~ (stealth).
  5085 | D:5      | 5085 ||| Stepping ~*~*~tactically~*~*~ (stealth).
  5437 | D:5      | Noticed Dowan
  5438 | D:5      | Noticed Duvessa
  5452 | D:5      | Killed Dowan
  5452 | D:5      | HP: 9/44 [Duvessa/+0 short sword (13)]
  5453 | D:5      | Reached XP level 8. HP: 10/49 MP: 8/8
  5453 | D:5      | 5453 ||| READING 2 scrolls of teleportation.
  5454 | D:5      | 5454 ||| DRINKING 2 potions of heal wounds.
  5544 | D:5      | HP: 5/49 [Duvessa/+0 short sword (10)]
  5545 | D:5      | 5545 ||| READING scroll of teleportation.
  5546 | D:5      | 5546 ||| DRINKING potion of heal wounds.
  5547 | D:5      | Killed Duvessa
  5548 | D:5      | Reached skill level 1 in Dodging
  5849 | D:5      | Found a hazy altar of Hepliaklqana.
  5932 | D:5      | 5932 ||| UPGRADING to ring of protection from fire.
  5933 | D:5      | 5933 ||| READING scroll labelled BUFEFILAI.
  5934 | D:5      | 5934 ||| DRINKING 2 blue potions.
  5969 | D:6      | Found a staircase to the Ecumenical Temple.
  5970 | D:6      | 5970 ||| PLANNING TEMPLE
  5972 | D:6      | 5972 ||| FLEEEEING.
  5973 | D:6      | 5973 ||| FLEEEEING.
  5977 | D:6      | 5977 ||| FLEEEEING.
  5978 | D:6      | 5978 ||| FLEEEEING.
  5979 | D:6      | 5979 ||| STAIRDANCE
  5990 | D:6      | 5990 ||| STAIRDANCE
  6183 | Temple   | Entered the Ecumenical Temple
  6256 | Temple   | 6256 ||| PLANNING OKAWARU WORSHIP
  6304 | Temple   | Became a worshipper of Warmaster Okawaru
  6305 | Temple   | 6305 ||| PLANNING D:1-11
  6383 | D:6      | Reached skill level 8 in Axes
  6762 | D:6      | 6762 ||| Stepping ~*~*~tactically~*~*~ (hiding).
  6773 | D:6      | Reached skill level 6 in Fighting
  6850 | D:6      | Reached * piety under Okawaru
  7360 | D:7      | 7360 ||| INVOKING Heroism.
  7371 | D:7      | 7371 ||| INVOKING Heroism.
  7379 | D:7      | Reached skill level 1 in Invocations
  7379 | D:7      | Reached XP level 9. HP: 54/55 MP: 5/10
  7433 | D:7      | 7433 ||| Stepping ~*~*~tactically~*~*~ (stealth).
  7463 | D:7      | 7463 ||| Stepping ~*~*~tactically~*~*~ (stealth).
  7467 | D:7      | 7467 ||| FLEEEEING.
  7468 | D:7      | 7468 ||| FLEEEEING.
  7469 | D:7      | 7469 ||| FLEEEEING.
  7470 | D:7      | 7470 ||| FLEEEEING.
  7471 | D:7      | 7471 ||| FLEEEEING.
  7472 | D:7      | 7472 ||| FLEEEEING.
  7473 | D:7      | 7473 ||| FLEEEEING.
  7474 | D:7      | 7474 ||| FLEEEEING.
  7492 | D:7      | Reached skill level 3 in Invocations
  7682 | D:7      | 7682 ||| INVOKING Heroism.
  8114 | D:7      | Reached skill level 1 in Throwing
  8126 | D:7      | Reached skill level 9 in Axes
  8213 | D:7      | Reached ** piety under Okawaru
  8457 | D:7      | 8457 ||| READING 2 scrolls labelled LIOFIBAOBA.
  8458 | D:7      | 8458 ||| DROPPING scroll of noise.
  8601 | D:8      | Noticed Grum
  8601 | D:8      | 8601 ||| INVOKING Heroism.
  8617 | D:8      | Killed Grum
  8636 | D:8      | 8636 ||| INVOKING Heroism.
  8643 | D:8      | Reached skill level 6 in Armour
  8859 | D:8      | Noticed Gastronok
  8860 | D:8      | 8860 ||| INVOKING Heroism.
  8883 | D:8      | Killed Gastronok
  8883 | D:8      | Reached *** piety under Okawaru
  8884 | D:8      | Reached skill level 10 in Axes
  8884 | D:8      | Reached XP level 10. HP: 39/63 MP: 13/13
  9098 | D:8      | 9098 ||| INVOKING Heroism.
  9100 | D:8      | Found an ornate altar of the Wu Jian Council.
  9101 | D:8      | Found a glowing golden altar of the Shining One.
  9351 | D:8      | Reached **** piety under Okawaru
  9351 | D:8      | Received a gift from Okawaru
  9593 | D:8      | 9593 ||| UPGRADING to ring of positive energy.
  9594 | D:8      | 9594 ||| DRINKING 2 metallic dark potions.
  9595 | D:8      | 9595 ||| READING 5 scrolls of identify.
  9595 | D:8      | 9595 ||| IDENTIFYING black potion
  9596 | D:8      | 9596 ||| DROPPING potion of degeneration.
  9626 | D:9      | 9626 ||| INVOKING Heroism.
  9751 | D:9      | 9751 ||| Stepping ~*~*~tactically~*~*~ (stealth).
  9752 | D:9      | Noticed Prince Ribbit
  9753 | D:9      | 9753 ||| INVOKING Heroism.
  9811 | D:9      | Killed Prince Ribbit
  9917 | D:9      | 9917 ||| INVOKING Heroism.
  9932 | D:9      | 9932 ||| INVOKING Heroism.
  9961 | D:9      | 9961 ||| FLEEEEING.
  9962 | D:9      | 9962 ||| FLEEEEING.
  9963 | D:9      | 9963 ||| FLEEEEING.
  9964 | D:9      | 9964 ||| FLEEEEING.
  9965 | D:9      | 9965 ||| FLEEEEING.
  9966 | D:9      | 9966 ||| FLEEEEING.
  9967 | D:9      | 9967 ||| FLEEEEING.
  9968 | D:9      | 9968 ||| FLEEEEING.
  9969 | D:9      | 9969 ||| FLEEEEING.
  9970 | D:9      | 9970 ||| FLEEEEING.
  9971 | D:9      | 9971 ||| FLEEEEING.
  9972 | D:9      | 9972 ||| FLEEEEING.
  9973 | D:9      | 9973 ||| STAIRDANCE
 10060 | D:9      | 10060 ||| STAIRDANCE
 10126 | D:9      | 10126 ||| Stepping ~*~*~tactically~*~*~ (stealth).
 10128 | D:9      | 10128 ||| Stepping ~*~*~tactically~*~*~ (hiding).
 10130 | D:9      | 10130 ||| Stepping ~*~*~tactically~*~*~ (hiding).
 10135 | D:9      | 10135 ||| INVOKING Heroism.
 10151 | D:9      | Reached skill level 3 in Throwing
 10164 | D:9      | 10164 ||| Stepping ~*~*~tactically~*~*~ (stealth).
 10178 | D:9      | 10178 ||| FLEEEEING.
 10179 | D:9      | 10179 ||| FLEEEEING.
 10180 | D:9      | 10180 ||| FLEEEEING.
 10181 | D:9      | 10181 ||| FLEEEEING.
 10182 | D:9      | 10182 ||| FLEEEEING.
 10183 | D:9      | 10183 ||| FLEEEEING.
 10184 | D:9      | 10184 ||| STAIRDANCE
 10217 | D:8      | 10217 ||| UPGRADING to +0 pair of gloves.
 10224 | D:9      | 10224 ||| STAIRDANCE
 10302 | D:9      | 10302 ||| INVOKING Heroism.
 10321 | D:9      | 10321 ||| FLEEEEING.
 10322 | D:9      | 10322 ||| FLEEEEING.
 10323 | D:9      | 10323 ||| FLEEEEING.
 10325 | D:9      | 10325 ||| FLEEEEING.
 10326 | D:9      | 10326 ||| FLEEEEING.
 10327 | D:9      | 10327 ||| STAIRDANCE
 10415 | D:9      | 10415 ||| Stepping ~*~*~tactically~*~*~ (stealth).
 10430 | D:9      | 10430 ||| Stepping ~*~*~tactically~*~*~ (stealth).
 10431 | D:9      | 10431 ||| Stepping ~*~*~tactically~*~*~ (stealth).
 10441 | D:9      | 10441 ||| FLEEEEING.
 10442 | D:9      | 10442 ||| FLEEEEING.
 10443 | D:9      | 10443 ||| FLEEEEING.
 10444 | D:9      | 10444 ||| FLEEEEING.
 10445 | D:9      | 10445 ||| FLEEEEING.
 10446 | D:9      | 10446 ||| FLEEEEING.
 10447 | D:9      | 10447 ||| FLEEEEING.
 10448 | D:9      | 10448 ||| STAIRDANCE
 10509 | D:9      | 10509 ||| Stepping ~*~*~tactically~*~*~ (stealth).
 10510 | D:9      | 10510 ||| Stepping ~*~*~tactically~*~*~ (stealth).
 10511 | D:9      | Found a staircase to the Orcish Mines.
 10517 | D:9      | 10517 ||| Stepping ~*~*~tactically~*~*~ (stealth).
 10579 | D:9      | 10579 ||| Stepping ~*~*~tactically~*~*~ (stealth).
 10580 | D:9      | 10580 ||| Stepping ~*~*~tactically~*~*~ (stealth).
 10684 | D:9      | Found a stormy altar of Qazlal.
 10734 | D:9      | 10734 ||| Stepping ~*~*~tactically~*~*~ (stealth).
 10736 | D:9      | 10736 ||| Stepping ~*~*~tactically~*~*~ (hiding).
 10737 | D:9      | 10737 ||| Stepping ~*~*~tactically~*~*~ (hiding).
 10814 | D:9      | 10814 ||| DROPPING +0 flail.
 10841 | D:9      | 10841 ||| Stepping ~*~*~tactically~*~*~ (hiding).
 10849 | D:9      | Reached XP level 11. HP: 59/68 MP: 15/15
 10852 | D:9      | Reached skill level 6 in Invocations
 11062 | D:9      | 11062 ||| READING 2 scrolls labelled HAUKHUTA RONUZ.
 11063 | D:9      | 11063 ||| DROPPING scroll of amnesia.
 11092 | D:10     | Entered Level 10 of the Dungeon
 11141 | D:10     | 11141 ||| Stepping ~*~*~tactically~*~*~ (hiding).
 11145 | D:10     | 11145 ||| INVOKING Heroism.
 11264 | D:10     | 11264 ||| Stepping ~*~*~tactically~*~*~ (stealth).
 11266 | D:10     | 11266 ||| Stepping ~*~*~tactically~*~*~ (stealth).
 11270 | D:10     | 11270 ||| Stepping ~*~*~tactically~*~*~ (stealth).
 11273 | D:10     | 11273 ||| Stepping ~*~*~tactically~*~*~ (stealth).
 11291 | D:10     | 11291 ||| INVOKING Heroism.
 11420 | D:10     | 11420 ||| INVOKING Heroism.
 11449 | D:10     | 11449 ||| INVOKING Heroism.
 11610 | D:10     | 11610 ||| Stepping ~*~*~tactically~*~*~ (stealth).
 11612 | D:10     | 11612 ||| Stepping ~*~*~tactically~*~*~ (stealth).
 11634 | D:10     | 11634 ||| Stepping ~*~*~tactically~*~*~ (stealth).
 11643 | D:10     | 11643 ||| INVOKING Heroism.
 11672 | D:10     | Found a bloodstained altar of Trog.
 12205 | D:10     | 12205 ||| READING scroll labelled RENNOSEA UNTAI.
 12206 | D:10     | 12206 ||| READING scroll labelled COGALA FAYPN.
 12333 | D:11     | 12333 ||| Stepping ~*~*~tactically~*~*~ (stealth).
 12334 | D:11     | 12334 ||| Stepping ~*~*~tactically~*~*~ (stealth).
 12338 | D:11     | 12338 ||| Stepping ~*~*~tactically~*~*~ (stealth).
 12340 | D:11     | 12340 ||| DRINKING 3 potions of curing.
 12340 | D:11     | 12340 ||| (to cure confusion)
 12375 | D:11     | 12375 ||| INVOKING Heroism.
 12381 | D:11     | 12381 ||| Stepping ~*~*~tactically~*~*~ (stealth).
 12408 | D:11     | Reached skill level 11 in Axes
 12437 | D:11     | 12437 ||| Stepping ~*~*~tactically~*~*~ (stealth).
 12475 | D:11     | 12475 ||| INVOKING Heroism.
 12494 | D:11     | 12494 ||| Stepping ~*~*~tactically~*~*~ (stealth).
 12525 | D:11     | Found a staircase to the Lair.
 12655 | D:11     | 12655 ||| INVOKING Heroism.
 12675 | D:11     | Reached ***** piety under Okawaru
 12778 | D:11     | Noticed a boulder beetle
 12779 | D:11     | 12779 ||| INVOKING Heroism.
 12780 | D:11     | 12780 ||| INVOKING Finesse.
 12803 | D:11     | Noticed a manticore
 12812 | D:11     | Killed a manticore
 12812 | D:11     | Received a gift from Okawaru
 12823 | D:11     | Killed a boulder beetle
 13003 | D:11     | 13003 ||| INVOKING Heroism.
 13235 | D:11     | 13235 ||| PLANNING LAIR
 13235 | D:11     | 13235 ||| UPGRADING to ring of protection from fire.
 13237 | D:11     | 13237 ||| READING scroll labelled COPSUTUOFO.
 13258 | D:11     | 13258 ||| INVOKING Heroism.
 13266 | D:11     | Received a gift from Okawaru
 13423 | Lair:1   | Entered Level 1 of the Lair of Beasts
 13435 | Lair:1   | Reached skill level 9 in Invocations
 13445 | Lair:1   | 13445 ||| INVOKING Heroism.
 13459 | Lair:1   | Reached skill level 9 in Fighting
 13494 | Lair:1   | 13494 ||| Stepping ~*~*~tactically~*~*~ (stealth).
 13592 | Lair:1   | 13592 ||| INVOKING Heroism.
 13602 | Lair:1   | Reached XP level 12. HP: 76/76 MP: 17/19
 13672 | Lair:1   | 13672 ||| Stepping ~*~*~tactically~*~*~ (stealth).
 13673 | Lair:1   | 13673 ||| Stepping ~*~*~tactically~*~*~ (stealth).
 13679 | Lair:1   | 13679 ||| INVOKING Heroism.
 13685 | Lair:1   | HP: 19/76 [komodo dragon (11)]
 13686 | Lair:1   | 13686 ||| READING scroll of teleportation.
 13686 | Lair:1   | HP: 4/76 [rime drake/flash freeze (16)]
 13687 | Lair:1   | 13687 ||| DRINKING 2 potions of heal wounds.
 13689 | Lair:1   | 13689 ||| DRINKING potion of heal wounds.
 13950 | Lair:1   | Received a gift from Okawaru
 14130 | Lair:1   | 14130 ||| Stepping ~*~*~tactically~*~*~ (stealth).
 14141 | Lair:1   | 14141 ||| INVOKING Heroism.
 14507 | Lair:1   | Reached skill level 12 in Axes
 14804 | Lair:2   | 14804 ||| Stepping ~*~*~tactically~*~*~ (stealth).
 14805 | Lair:2   | 14805 ||| Stepping ~*~*~tactically~*~*~ (stealth).
 14807 | Lair:2   | 14807 ||| INVOKING Heroism.
 14972 | Lair:2   | 14972 ||| INVOKING Heroism.
 15017 | Lair:2   | Reached skill level 9 in Armour
 15183 | Lair:2   | 15183 ||| INVOKING Heroism.
 15203 | Lair:2   | Reached skill level 6 in Shields
 15324 | Lair:2   | 15324 ||| INVOKING Heroism.
 15417 | Lair:2   | 15417 ||| INVOKING Heroism.
 15578 | Lair:2   | Noticed a seven-headed hydra
 15579 | Lair:2   | 15579 ||| INVOKING Heroism.
 15580 | Lair:2   | 15580 ||| INVOKING Finesse.
 15581 | Lair:2   | 15581 ||| Stepping ~*~*~tactically~*~*~ (stealth).
 15582 | Lair:2   | 15582 ||| SWAPPING to +3 flail.
 15594 | Lair:2   | Killed a seven-headed hydra
 15594 | Lair:2   | Identified the +4 scale mail of Freezing Wonder {rElec}
                  | (Okawaru gifted it to you on level 2 of the Lair of Beasts)
 15594 | Lair:2   | Received a gift from Okawaru
 15595 | Lair:2   | 15595 ||| SWAPPING to +1 war axe.
 15687 | Lair:2   | 15687 ||| Stepping ~*~*~tactically~*~*~ (stealth).
 15782 | Lair:2   | 15782 ||| INVOKING Heroism.
 16115 | Lair:2   | 16115 ||| READING 9 scrolls of identify.
 16115 | Lair:2   | 16115 ||| IDENTIFYING smoky clear potion
 16116 | Lair:2   | 16116 ||| DROPPING potion of invisibility.
 16136 | Lair:3   | 16136 ||| Stepping ~*~*~tactically~*~*~ (stealth).
 16138 | Lair:3   | 16138 ||| Stepping ~*~*~tactically~*~*~ (stealth).
 16140 | Lair:3   | 16140 ||| Stepping ~*~*~tactically~*~*~ (stealth).
 16151 | Lair:3   | 16151 ||| Stepping ~*~*~tactically~*~*~ (stealth).
 16166 | Lair:3   | 16166 ||| INVOKING Heroism.
 16169 | Lair:3   | Reached XP level 13. HP: 48/82 MP: 17/20
 16365 | Lair:3   | 16365 ||| INVOKING Heroism.
 16392 | Lair:3   | 16392 ||| INVOKING Heroism.
 16399 | Lair:3   | Reached skill level 13 in Axes
 16410 | Lair:3   | HP: 17/82 [wolf (5)]
 16411 | Lair:3   | 16411 ||| READING scroll of teleportation.
 16414 | Lair:3   | HP: 8/82 [yak (7)]
 16432 | Lair:3   | 16432 ||| FLEEEEING.
 16440 | Lair:3   | HP: 7/82 [wyvern (6)]
 16447 | Lair:3   | HP: 2/82 [wolf (3)]
 16491 | Lair:3   | 16491 ||| FLEEEEING.
 16492 | Lair:3   | 16492 ||| FLEEEEING.
 16493 | Lair:3   | 16493 ||| FLEEEEING.
 16494 | Lair:3   | 16494 ||| FLEEEEING.
 16495 | Lair:3   | 16495 ||| FLEEEEING.
 16496 | Lair:3   | 16496 ||| FLEEEEING.
 16497 | Lair:3   | 16497 ||| FLEEEEING.
 16498 | Lair:3   | 16498 ||| FLEEEEING.
 16499 | Lair:3   | 16499 ||| FLEEEEING.
 16500 | Lair:3   | 16500 ||| FLEEEEING.
 16501 | Lair:3   | 16501 ||| STAIRDANCE
 16797 | Lair:2   | 16797 ||| READING 8 scrolls of identify.
 16797 | Lair:2   | 16797 ||| IDENTIFYING sedimented pink potion
 16798 | Lair:2   | 16798 ||| DROPPING potion of flight.
 16808 | Lair:3   | 16808 ||| INVOKING Heroism.
 16814 | Lair:3   | HP: 18/82 [cane toad (13)]
 16817 | Lair:3   | 16817 ||| STAIRDANCE
 17152 | Lair:3   | Found a hole to the Spider Nest.
 17163 | Lair:3   | 17163 ||| INVOKING Heroism.
 17572 | Lair:3   | 17572 ||| INVOKING Heroism.
 17627 | Lair:3   | Found a staircase to the Shoals.
 17628 | Lair:3   | 17628 ||| Stepping ~*~*~tactically~*~*~ (hiding).
 17647 | Lair:3   | 17647 ||| INVOKING Heroism.
 18011 | Lair:3   | Identified the ring "Woudyihu" {Drain rPois rCorr MP+9
                  | Dex-5}
 18038 | Lair:3   | 18038 ||| INVOKING Heroism.
 18350 | Lair:3   | 18350 ||| UPGRADING to +0 cloak.
 18640 | Lair:4   | Identified the +0 helmet "Gius" {+Blink Fly}
 18684 | Lair:4   | 18684 ||| INVOKING Heroism.
 18727 | Lair:4   | 18727 ||| READING scroll of enchant weapon.
 18727 | Lair:4   | 18727 ||| ENCHANTING +1 war axe.
 18749 | Lair:4   | 18749 ||| Stepping ~*~*~tactically~*~*~ (stealth).
 18751 | Lair:4   | 18751 ||| INVOKING Heroism.
 18752 | Lair:4   | 18752 ||| Stepping ~*~*~tactically~*~*~ (stealth).
 18922 | Lair:4   | 18922 ||| INVOKING Heroism.
 18930 | Lair:4   | Received a gift from Okawaru
 18931 | Lair:4   | Reached skill level 14 in Axes
 19053 | Lair:5   | Entered Level 5 of the Lair of Beasts
 19054 | Lair:5   | 19054 ||| STAIRDANCE
 19056 | Lair:4   | 19056 ||| INVOKING Heroism.
 19095 | Lair:5   | 19095 ||| STAIRDANCE
 19097 | Lair:4   | 19097 ||| INVOKING Heroism.
 19098 | Lair:4   | 19098 ||| SWAPPING to +3 flail.
 19099 | Lair:4   | 19099 ||| INVOKING Finesse.
 19100 | Lair:4   | 19100 ||| Stepping ~*~*~tactically~*~*~ (outnumbered).
 19101 | Lair:4   | 19101 ||| Stepping ~*~*~tactically~*~*~ (outnumbered).
 19102 | Lair:4   | 19102 ||| Stepping ~*~*~tactically~*~*~ (outnumbered).
 19103 | Lair:4   | 19103 ||| Stepping ~*~*~tactically~*~*~ (outnumbered).
 19104 | Lair:4   | 19104 ||| Stepping ~*~*~tactically~*~*~ (outnumbered).
 19112 | Lair:4   | 19112 ||| Stepping ~*~*~tactically~*~*~ (outnumbered).
 19112 | Lair:4   | HP: 17/82 [eight-headed hydra (8)]
 19113 | Lair:4   | 19113 ||| DRINKING 2 potions of heal wounds.
 19114 | Lair:4   | 19114 ||| Stepping ~*~*~tactically~*~*~ (outnumbered).
 19115 | Lair:4   | 19115 ||| Stepping ~*~*~tactically~*~*~ (outnumbered).
 19116 | Lair:4   | 19116 ||| Stepping ~*~*~tactically~*~*~ (outnumbered).
 19117 | Lair:4   | 19117 ||| Stepping ~*~*~tactically~*~*~ (outnumbered).
 19118 | Lair:4   | 19118 ||| Stepping ~*~*~tactically~*~*~ (outnumbered).
 19119 | Lair:4   | 19119 ||| Stepping ~*~*~tactically~*~*~ (outnumbered).
 19121 | Lair:4   | 19121 ||| Stepping ~*~*~tactically~*~*~ (outnumbered).
 19130 | Lair:4   | 19130 ||| Stepping ~*~*~tactically~*~*~ (outnumbered).
 19130 | Lair:4   | HP: 20/82 [eight-headed hydra (5)]
 19131 | Lair:4   | 19131 ||| DRINKING potion of heal wounds.
 19132 | Lair:4   | 19132 ||| Stepping ~*~*~tactically~*~*~ (outnumbered).
 19136 | Lair:4   | HP: 18/82 [eight-headed hydra (10)]
 19138 | Lair:4   | 19138 ||| SWAPPING to +2 war axe.
 19141 | Lair:4   | 19141 ||| INVOKING Heroism.
 19481 | Lair:5   | 19481 ||| STAIRDANCE
 19578 | Lair:5   | 19578 ||| INVOKING Heroism.
 19585 | Lair:5   | 19585 ||| STAIRDANCE
 19843 | Lair:5   | 19843 ||| INVOKING Heroism.
 19846 | Lair:5   | 19846 ||| STAIRDANCE
 19870 | Lair:5   | 19870 ||| INVOKING Heroism.
 19873 | Lair:5   | 19873 ||| STAIRDANCE
 19885 | Lair:5   | 19885 ||| STAIRDANCE
 19978 | Lair:5   | 19978 ||| INVOKING Heroism.
 19993 | Lair:5   | Received a gift from Okawaru
 20282 | Lair:5   | 20282 ||| Stepping ~*~*~tactically~*~*~ (stealth).
 20284 | Lair:5   | 20284 ||| Stepping ~*~*~tactically~*~*~ (stealth).
 20288 | Lair:5   | 20288 ||| INVOKING Heroism.
 20295 | Lair:5   | 20295 ||| Stepping ~*~*~tactically~*~*~ (stealth).
 20332 | Lair:5   | 20332 ||| Stepping ~*~*~tactically~*~*~ (stealth).
 20356 | Lair:5   | 20356 ||| INVOKING Heroism.
 20531 | Lair:5   | 20531 ||| INVOKING Heroism.
 20570 | Lair:5   | Found a viscous altar of Jiyva.
 20570 | Lair:5   | Found a staircase to the Slime Pits.
 20587 | Lair:5   | 20587 ||| INVOKING Heroism.
 20592 | Lair:5   | Gained mutation: Your large and strong wings let you fly.
                  | [Gargoyle growth]
 20592 | Lair:5   | Reached XP level 14. HP: 90/90 MP: 18/21
 20885 | Lair:5   | 20885 ||| UPGRADING to +1 pair of boots.
 20895 | Lair:5   | 20895 ||| DROPPING +0 pair of boots of flying.
 20896 | Lair:5   | 20896 ||| DROPPING +2 helmet of intelligence.
 20897 | Lair:5   | 20897 ||| DROPPING +0 helmet "Gius" {+Blink Fly}.
 20898 | Lair:5   | 20898 ||| READING scroll labelled UTIDWY OMUUZ.
 21061 | Lair:5   | 21061 ||| INVOKING Heroism.
 21064 | Lair:5   | 21064 ||| Stepping ~*~*~tactically~*~*~ (stealth).
 21086 | Lair:5   | 21086 ||| Stepping ~*~*~tactically~*~*~ (stealth).
 21102 | Lair:5   | Reached skill level 6 in Throwing
 21102 | Lair:5   | 21102 ||| INVOKING Heroism.
 21103 | Lair:5   | 21103 ||| INVOKING Finesse.
 21425 | Lair:5   | 21425 ||| INVOKING Heroism.
 21592 | Lair:5   | 21592 ||| INVOKING Heroism.
 21692 | Lair:5   | 21692 ||| INVOKING Heroism.
 21694 | Lair:5   | 21694 ||| Stepping ~*~*~tactically~*~*~ (hiding).
 21695 | Lair:5   | 21695 ||| SWAPPING to +3 flail.
 21706 | Lair:5   | 21706 ||| SWAPPING to +2 war axe.
 21716 | Lair:5   | Reached skill level 15 in Axes
 21717 | Lair:5   | HP: 6/90 [komodo dragon (18)]
 21718 | Lair:5   | 21718 ||| DRINKING potion of heal wounds.
 21725 | Lair:5   | 21725 ||| SWAPPING to +3 flail.
 21728 | Lair:5   | HP: 20/90 [lindwurm (5)]
 21733 | Lair:5   | HP: 10/90 [six-headed hydra (1)]
 21735 | Lair:5   | HP: 4/90 [six-headed hydra (4)]
 21735 | Lair:5   | Slain by a six-headed hydra

Levels and vault maps discovered:
D:1:      dpeg_arrival_solitude, layout_basic,
          shapermc_ecumenical_altar_totnotflames
D:2:      layout_loops_corners, uniq_natasha
D:3:      layout_loops_ring, nicolae_overflow_hidden_temple, wad_orctagon
D:4:      layout_basic
D:5:      kennysheep_kobold_camp, layout_basic,
          nicolae_hepliaklqana_hippocampus, uniq_duvessa
D:6:      layout_basic, minmay_temple_entry_tees
D:7:      layout_basic
D:8:      layout_loops_ring, nicolae_overflow_two_pavilions, minivault_21,
          uniq_gastronok, uniq_grum
D:9:      layout_cave_pools, nicolae_qazlal_eye_of_the_storm, zombieorc2_lemuel,
          grunt_ministairs_2, st_stairs_2, uniq_prince_ribbit1
D:10:     layout_loops_ring, trog_hazing_becter, serial_rivers,
          chequers_serial_rivers_micro_e, chequers_serial_rivers_large_a,
          chequers_serial_rivers_room_b, chequers_serial_rivers_micro_e,
          ldierk_geyser
D:11:     layout_gridville, due_lair_maze_entry_diamond
Temple:   minmay_temple_bridge_d
Lair:1:   layout_chaotic_city, chequers_serial_rivers_small_a,
          lemuel_fruit_tree, serial_bayou_shore_b
Lair:2:   layout_big_grid
Lair:3:   layout_big_grid, minmay_shoals_entry_hut,
          spider_nest_entry_funnel_web, grunt_megastairs_2
Lair:4:   layout_misc_corridors
Lair:5:   cheibrodos_lair_end_hotspot, layout_cave_shapes, slime_entry_1

Skill      XL: |  1  2  3  4  5  6  7  8  9 10 11 12 13 14 |
---------------+-------------------------------------------+-----
Axes           | 2 3 4 5 6 7 8 10 11 12 14 15 | 15.0
Fighting       | 4 5 6 7 8 9 10 11 | 11.1
Armour         | 4 5 6 7 8 9 11 | 11.0
Dodging        | 1 2 |  2.2
Invocations    | 1 4 5 9 10 | 10.1
Throwing       | 2 3 4 5 6 |  6.2
Shields        | 4 5 6 7 |  7.1

Action                   |  1- 3 |  4- 6 |  7- 9 | 10-12 | 13-15 || total
-------------------------+-------+-------+-------+-------+-------++-------
Melee: War axe           |    60 |   166 |   346 |   665 |   516 ||  1753
       Flail             |       |       |       |    12 |    41 ||    53
Throw: Javelin           |       |       |     9 |   118 |    69 ||   196
       Boomerang         |       |       |       |    19 |       ||    19
Invok: Heroism           |       |       |     6 |    30 |    26 ||    62
       Finesse           |       |       |       |     2 |     2 ||     4
  Use: Scroll            |     1 |    10 |     4 |     7 |     4 ||    26
       Potion            |     1 |     2 |     3 |     4 |     3 ||    13
Armor: Scale mail        |    12 |       |       |       |       ||    12
       Plate armour      |    27 |   108 |   233 |   451 |   448 ||  1267
Dodge: Dodged            |    25 |    42 |    87 |   199 |   225 ||   578
Block: Buckler           |    14 |    37 |    70 |   126 |   165 ||   412

Table legend:
 A = Non-vault XP
 B = Vault XP
 C = Vault XP percentage of total XP
 D = Non-vault monster count
 E = Vault monster count
 F = Vault count percentage of total count
                 A         B        C        D         E       F
            +---------+---------+-------+---------+---------+-------
      Total |   54828 |   11522 |  17.4 |     363 |     107 |  22.8
            +---------+---------+-------+---------+---------+-------
        D:1 |      25 |       0 |   0.0 |      13 |       0 |   0.0
        D:2 |     125 |      36 |  22.4 |      12 |       1 |   7.7
        D:3 |      56 |      12 |  17.6 |      12 |       4 |  25.0
        D:4 |     118 |       0 |   0.0 |      23 |       0 |   0.0
        D:5 |     679 |     343 |  33.6 |      16 |      23 |  59.0
        D:6 |     795 |       0 |   0.0 |      12 |       0 |   0.0
        D:7 |    1223 |       0 |   0.0 |      19 |       0 |   0.0
        D:8 |    1287 |    2059 |  61.5 |      21 |       5 |  19.2
        D:9 |    1251 |    1848 |  59.6 |      23 |      41 |  64.1
       D:10 |    2346 |      11 |   0.5 |      25 |       6 |  19.4
       D:11 |    2116 |    2060 |  49.3 |       9 |      11 |  55.0
     Lair:1 |    5970 |       0 |   0.0 |      23 |       0 |   0.0
     Lair:2 |    8708 |       0 |   0.0 |      41 |       0 |   0.0
     Lair:3 |    7095 |    2327 |  24.7 |      37 |      10 |  21.3
     Lair:4 |    8307 |       0 |   0.0 |      27 |       0 |   0.0
     Lair:5 |   14727 |    2826 |  16.1 |      50 |       6 |  10.7
            +---------+---------+-------+---------+---------+-------
